cohdb
Replays
Latest Replays
All Replays
Popular Replays
Top Player Replays
Match Explorer
How It Works
Community
CoH3 Stats
Reddit
Sign in to upload your games and track your stats! →
Sign in with Steam
Match 46148241
Unlisted
Match 46148241
Overview
Messages
Build Orders
End
Construct Weapon Support Center
Scout Squad
Selects Heavy Weapons
M1919 Machine Gun Team
M1919 Machine Gun Team
M1919 Machine Gun Team
Construct Medical Station
Construct Medical Station
Selects M2HB .50cal Heavy Machine Gun
Engineer Squad
Infantry Support Center
M3 Armored Personnel Carrier
M1919 Machine Gun Team
Selects Assault Carriers
M3 Assault Carrier
Engineer Squad
Captain Retinue
Advanced Logistics
Engineer Squad
Selects Exchangeable Parts
M3 Assault Carrier
M1919 Machine Gun Team
Sniper
Engineer Squad
Engineer Squad
Selects Towed M5 3-inch Anti-tank Gun
Towed M5 3-inch Anti-tank Gun
Selects Rapid Reposition
Engineer Squad
Towed M5 3-inch Anti-tank Gun
Engineer Squad
Survival Training
Captain Retinue
Engineer Squad
Selects Black Dragon Artillery Barrage
Selects Bolstered Team Weapons
Engineer Squad
Construct Tank Depot
M1919 Machine Gun Team
M4A1 Sherman Medium Tank
M18 Hellcat Tank Destroyer
M18 Hellcat Tank Destroyer
Max1boy
SneaKerz
gb_gbg
badehaien
Mr.Anderson
Timezeit
0
0
Comments
sign in to comment!
No comments posted yet!